 Dungeon Crawl Stone Soup version 0.28.0-53-g5a82cb258f (webtiles) character file.

Game seed: 11384345976238590500

5 cbfl8 the Caller (level 1, 0/13 HPs)
             Began as a Merfolk Summoner on July 27, 2022.
             Slain by a hobgoblin (4 damage)
             ... on level 1 of the Dungeon.
             The game lasted 00:01:27 (291 turns).

cbfl8 the Caller (Merfolk Summoner)                  Turns: 291, Time: 00:01:28

Health: 0/13       AC:  2    Str:  8    XL:     1   Next: 80%
Magic:  1/3        EV: 12    Int: 14    God:
Gold:   24         SH:  0    Dex: 14    Spells: 3/4 levels left

rFire   . . .      SeeInvis .   b - +0 dagger
rCold   . . .      Faith    .   (no shield)
rNeg    . . .      Spirit   .   a - +0 robe
rPois   .          Reflect  .   (no helmet)
rElec   .          Harm     .   (no cloak)
rCorr   .          Rampage  .   (no gloves)
Will    .....                   (no boots)
Stlth   ++........              (no amulet)
HPRegen 0.04/turn               (no ring)
MPRegen 0.08/turn               (no ring)

@: no status effects
A: (nimble swimmer 2), mertail
a: no special abilities


You were on level 1 of the Dungeon.
You visited 1 branch of the dungeon, and saw 1 of its levels.

You collected 24 gold pieces.

Inventory:

Hand Weapons
 b - a +0 dagger (weapon)
Armour
 a - a +0 robe (worn)


   Skills:
 * Level 2.8 Dodging
 * Level 2.1 Stealth
 + Level 2.0 Spellcasting
 * Level 4.2 Summonings


You had 3 spell levels left.
You knew the following spells:

 Your Spells              Type           Power      Damage    Failure   Level
a - Summon Small Mammal   Summ           52%        N/A       4%          1

Your spell library contained the following spells:

 Spells                   Type           Power      Damage    Failure   Level
 Call Imp                 Summ           13%        N/A       6%          2
 Call Canine Familiar     Summ           13%        N/A       12%         3
 Summon Guardian Golem    Hex/Summ       7%         N/A       30%         3
 Summon Lightning Spire   Summ/Air       7%         N/A       69%         4


Dungeon Overview and Level Annotations

Branches:
Dungeon (1/15)

Altars:


Innate Abilities, Weirdness & Mutations

((You are very nimble when in or above water. (Stealth+, EV+, Speed+++)))
Your lower body shifts to a powerful aquatic tail in water.


Message History

The hobgoblin barely misses you.
Your rat completely misses the ball python.
You closely miss the hobgoblin. The hobgoblin completely misses you.
Your rat barely misses the ball python.
Unknown command.
You hit the ball python.
The ball python is severely wounded.
The ball python closely misses you. The ball python barely misses you.
The hobgoblin hits you but does no damage.
Your rat bites the ball python.
The ball python dies!
Unknown command.
You completely miss the hobgoblin. The hobgoblin misses you.
Unknown command.
Unknown command.
You hit the hobgoblin but do no damage. The hobgoblin hits you.
Unknown command.
You hit the hobgoblin but do no damage.
Your rat closely misses the hobgoblin.
The hobgoblin hits you.
Unknown command.
You barely miss the hobgoblin.
Your rat barely misses the hobgoblin.
The hobgoblin misses you.
Unknown command.
You barely miss the hobgoblin.
Your rat barely misses the hobgoblin.
The hobgoblin hits you.
Unknown command.
You hit the hobgoblin but do no damage.
Your rat barely misses the hobgoblin.
The hobgoblin hits you.
You hit the hobgoblin but do no damage.
Your rat barely misses the hobgoblin.
The hobgoblin closely misses you.
You swap places.
Your rat bites the hobgoblin.
The hobgoblin closely misses you.
Things that are here:
a +0 club; a ball python corpse A hobgoblin is nearby!
Your rat bites the hobgoblin.
The hobgoblin closely misses you.
Your rat barely misses the hobgoblin.
The hobgoblin misses you.
Your rat closely misses the hobgoblin.
The hobgoblin barely misses you.
Your rat barely misses the hobgoblin.
The hobgoblin hits you.
You die...

#... #... ####...
....... ....... ..
....... #..
.......###.#
......gr##.#
......#@##.#
......#..#.######
................#
................#
................#
................##
.................#
.......##..##....####
....#...#..#........#


You could see a hobgoblin (ally target) and a friendly rat (summoned).

Vanquished Creatures
  An endoplasm (D:1)
  A bat (D:1)
2 creatures vanquished.

Vanquished Creatures (collateral kills)
  2 goblins (D:1)
  A ball python (D:1)
3 creatures vanquished.

Grand Total: 5 creatures vanquished

Notes
Turn   | Place    | Note
-------+----------+-------------------------------------------
     0 | D:1      | cbfl8 the Merfolk Summoner began the quest for the Orb.
     0 | D:1      | Reached XP level 1. HP: 13/13 MP: 3/3
   291 | D:1      | Slain by a hobgoblin

Illustrated notes

Levels and vault maps discovered:
D:1:      eino_arrival_cavern_e, layout_basic, minmay_misc_feat_ornament,
          kennysheep_nondescript, dk_noncrumbling_4, dk_noncrumbling_3

Action                   || total
-------------------------++-------
Melee: Dagger            ||    16
       Punch             ||     1
 Cast: Summon Small Mamm ||     5
Armor: Robe              ||     1
Dodge: Dodged            ||    18
